cohdb
Replays
Latest Replays
All Replays
Popular Replays
Top Player Replays
Match Explorer
How It Works
Community
CoH3 Stats
Reddit
Sign in to upload your games and track your stats! →
Sign in with Steam
Match 41224957
Unlisted
Match 41224957
Overview
Messages
Build Orders
End
Panzergrenadier Squad
Selects Panzerjäger Kommand Battlegroup
Selects Blockade Equipment
250 Light Carrier
Panzergrenadier Squad
Construct Light Support Kompanie
Combat Half-tracks
Panzergrenadier Squad
Construct Mechanized Kompanie
Support Armor Elements
Selects Tank Busters
Dunkerque
NEP_wilson_NEP
Hydra7-1
CAuMOH
0
0
Comments
sign in to comment!
No comments posted yet!